 Dungeon Crawl Stone Soup version 0.30-a0-210-g01b79a254e (webtiles) character file.

Game seed: 13495319860679481904

84 KennySheep the Magician (level 4, 0/32 HPs)
             Began as a Djinni Hedge Wizard on Oct 4, 2022.
             Was a Priest of Jiyva.
             Killed by divine providence
             ... invoked by an orc priest
              (13 damage)
             ... on level 3 of the Dungeon.
             The game lasted 00:04:15 (1518 turns).

KennySheep the Magician (Djinni Hedge Wizard)       Turns: 1518, Time: 00:04:16

Health: 0/32       AC:  2    Str:  6 (9)  XL:     4   Next: 74%
Gold:   82         EV: 12    Int: 16 (18) God:    Jiyva [***...] SH:  0 Dex: 11 (12)

rFire   + + .      SeeInvis .    a - +0 dagger
rCold   x . .      Faith    .    (no shield)
rNeg    . . .      Spirit   .    b - +0 robe
rPois   ∞          Reflect  .    c - +0 hat
rElec   .          Harm     .    (no cloak)
rCorr   +          Rampage  .    (no gloves)
Will    .....                    (boots unavailable)
Stlth   ++........               m - amulet of the acrobat
HPRegen 1.37/turn                (no ring)
MPRegen 0.00/turn                (no ring)

@: flying
A: sickness immunity, fire resistance 2, cold vulnerability 1, float, innate
caster, HP casting, extra vitality 1
a: Renounce Religion, Oozemancy


You were on level 3 of the Dungeon.
You worshipped Jiyva.
Jiyva was most pleased with you.
You visited 1 branch of the dungeon, and saw 3 of its levels.

You collected 82 gold pieces.

Inventory:

Hand Weapons
 a - a +0 dagger (weapon)
Missiles
 h - a throwing net
Armour
 b - a +0 robe (worn)
 c - a +0 hat (worn)
Jewellery
 m - an amulet of the acrobat (around neck)
Scrolls
 i - a scroll of acquirement {unknown}
 j - a scroll of teleportation {unknown}
 k - a scroll of blinking {unknown}
 l - a scroll of vulnerability {unknown}
 n - a scroll of torment
 o - a scroll of magic mapping
Potions
 d - 2 potions of brilliance {unknown}
 e - a potion of flight {unknown}
 f - a potion of heal wounds {unknown}
 g - a potion of degeneration
 p - a potion of berserk rage {unknown}


   Skills:
 + Level 1.5 Fighting
 + Level 3.0 Dodging
 - Level 1.5 Stealth
 + Level 1.1 Unarmed Combat
 * Level 3.2 Spellcasting


You couldn't memorise any spells.
You knew the following spells:

 Your Spells              Type           Power      Damage    Failure   Level
a - Magic Dart            Conj           48%        1d5       4%          1
b - Slow                  Hex            48%        N/A       4%          1
c - Blink                 Tloc           24%        N/A       8%          2
d - Call Imp              Summ           12%        N/A       8%          2
e - Cigotuvi's Dreadful   Necr/Pois/Air  24%        N/A       8%          2
f - Mephitic Cloud        Conj/Pois/Air  12%        N/A       14%         3
g - Necrotise             Necr           48%        1d6       4%          1
Your spell library was empty.

Dungeon Overview and Level Annotations

Branches:
Dungeon (3/15)

Altars:
Yredelemnul
Jiyva

Annotations:
D:3 1 runed translucent door, Crazy Yiuf


Innate Abilities, Weirdness & Mutations

You are immune to sickness and miasma.
You are immune to poison.
Your flesh is very heat resistant. (rF++)
You are vulnerable to cold. (rC-)
You float through the air rather than walking.
You learn spells naturally, not from books.
Your magical power is your life essence.
You have superior vitality. (+4 MHP)


Message History

Aim: an orc, wielding a +0 club (heavily wounded, chance to affect: 81%)
The orc writhes in agony.
Aiming: Necrotise (safe; 4% risk of failure)
Press: ? - help, Q - select action, (/) - cycle Shift-Dir - straight line, f/p - orc
Aim: an orc, wielding a +0 club (severely wounded, ally target, chance to affect: 81%)
The orc barely resists.
Your orc skeleton hits the orc.
The orc barely misses you. The orc priest hits you with a +0 mace!
Aiming: Necrotise (safe; 4% risk of failure)
Press: ? - help, Q - select action, (/) - cycle Shift-Dir - straight line, f/p - orc
Aim: an orc, wielding a +0 club (almost dead, ally target, chance to affect: 81%)
The orc writhes in agony.
You kill the orc!
The dead are walking!
Your orc skeleton hits the orc priest.
The orc priest hits you with a +0 mace.
Aiming: Necrotise (safe; 4% risk of failure)
Press: ? - help, Q - select action, (/) - cycle Shift-Dir - straight line, f - orc priest
Aim: an orc priest, wielding a +0 mace (lightly wounded, ally target, chance to affect: 67%)
The orc priest struggles to resist.
The orc priest misses you.
Your orc skeleton hits the orc priest.
Aiming: Necrotise (safe; 4% risk of failure)
Press: ? - help, Q - select action, (/) - cycle Shift-Dir - straight line, f/p - orc priest
Aim: an orc priest, wielding a +0 mace (lightly wounded, ally target, chance to affect: 67%)
The orc priest struggles to resist.
The orc priest misses you.
Okay, then.
Aiming: Necrotise (safe; 4% risk of failure)
Press: ? - help, Q - select action, (/) - cycle Shift-Dir - straight line, f/p - orc priest
Aim: an orc priest, wielding a +0 mace (lightly wounded, ally target, chance to affect: 67%)
The orc priest writhes in agony.
Your orc skeleton hits the orc priest.
The orc priest closely misses you.
Aiming: Necrotise (safe; 4% risk of failure)
Press: ? - help, Q - select action, (/) - cycle Shift-Dir - straight line, f/p - orc priest
Aim: an orc priest, wielding a +0 mace (moderately wounded, ally target, chance to affect: 67%)
The orc priest writhes in agony.
Your orc skeleton hits the orc priest but does no damage.
Your orc skeleton hits the orc priest.
The orc priest invokes the aid of Beogh against you.
Beogh smites you!
You die...

#..###.. ....#....#.##
...... .............###
#..###........o..........
......>..................
#.####...... ............
#.####..#..#.##.>..#..#...
#.##......................
#.##.#..# # ##+#oZ.....#
#.##.#..#.####..@Z.#....#
........................#
#.#........[............##
#.#..#....................
#.#..########......#.....
#.#).......##......#...###
#..........+.......#.....[
#..........###+###........
#..........# #.........#..


You could see an orc priest (ally target) and 2 friendly orc skeletons.

Vanquished Creatures
  4 adders
  4 orcs (D:3)
  4 ball pythons
  7 bats
  2 giant cockroaches
  2 goblins (D:1)
  3 hobgoblins
  3 jackals (D:2)
  2 quokkas
  A frilled lizard (D:3)
  6 kobolds
  4 rats
42 creatures vanquished.

Vanquished Creatures (others)
  2 endoplasms
  A giant cockroach (D:2)
  A goblin (D:2)
  A hobgoblin (D:1)
  A quokka (D:2)
  A kobold (D:2)
  2 plants (D:3)
9 creatures vanquished.

Grand Total: 51 creatures vanquished

Notes
Turn   | Place    | Note
-------+----------+-------------------------------------------
     0 | D:1      | KennySheep the Djinni Hedge Wizard began the quest for the
                  | Orb.
     0 | D:1      | KennySheep set off with the following spells memorised:
                  | Magic Dart, Slow, Blink, Call Imp, Cigotuvi's Dreadful Rot,
                  | Mephitic Cloud.
     0 | D:1      | Reached XP level 1. HP: 15/15 MP: 0/0
    77 | D:1      | Found a faded altar of an unknown god.
    84 | D:1      | Prayed at the altar of an unknown god.
    84 | D:1      | Became a worshipper of Jiyva Jujujoim the Shapeless
    84 | D:1      | Reached * piety under Jiyva
   164 | D:1      | Reached XP level 2. HP: 22/22 MP: 0/0
   393 | D:1      | Reached ** piety under Jiyva
   588 | D:2      | Found a basalt altar of Yredelemnul.
   598 | D:2      | Reached XP level 3. HP: 24/26 MP: 0/0
   598 | D:2      | Learned a level 1 spell: Necrotise
   641 | D:2      | Reached skill level 1 in Fighting
   937 | D:2      | Identified the +1 ring mail "Cookhloci" {Rampage Int-4
                  | Dex+6}
   963 | D:2      | Reached XP level 4. HP: 32/32 MP: 0/0
  1251 | D:3      | Reached skill level 1 in Unarmed Combat
  1271 | D:3      | Reached *** piety under Jiyva
  1435 | D:3      | Found a runed translucent door.
  1436 | D:3      | Noticed Crazy Yiuf
  1518 | D:3      | Killed from afar by an orc priest

Illustrated notes

Levels and vault maps discovered:
D:1:      minmay_arrival_open_corners, layout_loops_cross,
          chequers_ecumenical_altar_simple
D:2:      layout_loops_cross, basic_altar
D:3:      layout_basic, grunt_temple_overflow_diamond,
          mainiacjoe_overflow_catwalk, hex_intersection, corexii_shack,
          uniq_grinder, uniq_crazy_yiuf_cottage

Skill      XL: |  1  2  3  4 |
---------------+-------------+-----
Fighting       | 1 |  1.5
Spellcasting   | 3 |  3.2
Unarmed Combat | 1 |  1.1
Dodging        | 3 |  3.0
Stealth        | |  1.5

Action                   |  1- 3 |  4- 6 || total
-------------------------+-------+-------++-------
 Cast: Magic Dart        |    80 |    25 ||   105
       Necrotise         |       |    10 ||    10
  Use: Scroll            |       |     2 ||     2
       Potion            |       |     1 ||     1
Armor: Robe              |     4 |     1 ||     5
Dodge: Dodged            |    17 |     6 ||    23

Table legend: (Time is in decaauts)
 A = Elapsed time spent in this place.
 B = Non-inter-level travel time spent in this place.
 C = Inter-level travel time spent in this place.
 D = Time resting spent in this place.
 E = Time spent auto-exploring this place.
 F = Levels seen in this place.
 G = Mean time per level.
                   A        B        C        D        E       F      G
               +--------+--------+--------+--------+--------+-----+--------+
         Total |   1517 |   1480 |     37 |      4 |   1236 |   3 |  505.7 |
       Dungeon |   1517 |   1480 |     37 |      4 |   1236 |   3 |  505.7 |
               +--------+--------+--------+--------+--------+-----+--------+

Top non-repeatable levels by time:
     D:2: 639 daAuts
     D:1: 586 daAuts
     D:3: 291 daAuts
